 Dungeon Crawl Stone Soup version 0.24.0-1-gfbc8707122 (webtiles) character file.

Game seed: 7108777215679854547, levelgen mode: deterministic

29 Mrkan the Ducker (level 3, -3/20 HPs)
             Began as a Kobold Arcane Marksman on Oct 28, 2019.
             Slain by a worm (10 damage)
             ... on level 2 of the Dungeon.
             The game lasted 00:03:00 (581 turns).

Mrkan the Ducker (Kobold Arcane Marksman)            Turns: 581, Time: 00:03:01

Health: -3/20      AC:  2    Str:  8    XL:     3   Next: 32%
Magic:  4/4        EV: 16    Int: 14    God:
Gold:   48         SH:  0    Dex: 15    Spells: 3/4 levels left

rFire    . . .     SeeInvis .   k - +0 short sword
rCold    . . .     Gourm    .   (shield restricted)
rNeg     . . .     Faith    .   e - +0 robe
rPois    .         Spirit   .   (no helmet)
rElec    .         Reflect  .   (no cloak)
rCorr    .         Harm     .   (no gloves)
MR       .....                  (no boots)
Stlth    ++........             (no amulet)
HPRegen  0.06/turn              (no ring)
MPRegen  0.09/turn              (no ring)

@: no status effects
A: small, carnivore
a: no special abilities


You were on level 2 of the Dungeon.
You were completely stuffed.

You visited 1 branch of the dungeon, and saw 2 of its levels.

You collected 48 gold pieces.

Inventory:

Hand Weapons
 a - a +0 hand crossbow
 k - a +0 short sword (weapon)
Missiles
 d - 15 bolts
Armour
 e - a +0 robe (worn)
 g - a +2 helmet
 l - a +0 leather armour
Potions
 b - 2 potions of heal wounds {unknown}
 c - a potion of invisibility {unknown}
 h - a potion of curing {unknown}
Comestibles
 f - 2 rations
 i - 4 chunks of flesh


   Skills:
 - Level 1.1 Fighting
 + Level 3.1 Crossbows
 + Level 3.1 Dodging
 + Level 2.1 Stealth
 - Level 1.1 Spellcasting
 - Level 3.0 Hexes


You had 3 spell levels left.
You knew the following spells:

 Your Spells              Type           Power        Failure   Level  Hunger
a - Corona                Hex            #......      8%          1    ##.....

Your spell library contained the following spells:

 Spells                   Type           Power        Failure   Level  Hunger
 Slow                     Hex            #.......     12%         2    ###....
 Inner Flame              Hex/Fire       #.......     38%         3    ####...
 Portal Projectile        Hex/Tloc       #.....       38%         3    ####...
 Cause Fear               Hex            #.........   58%         4    #####..
 Leda's Liquefaction      Hex/Erth       #.........   80%         4    #####..


Dungeon Overview and Level Annotations

Branches:
Dungeon (2/15)

Altars:


Innate Abilities, Weirdness & Mutations

You are small and have problems with some larger weapons.
You are carnivorous and can eat meat at any time.


Message History

You barely miss the bat. The bat hits you but does no damage.
The goblin completely misses you. The bat hits you but does no damage.
The hobgoblin hits you with a +0 club.
You hit the bat but do no damage. The bat closely misses you.
The goblin barely misses you. The hobgoblin hits you with a +0 club.
You closely miss the bat. The bat closely misses you.
The goblin barely misses you. The hobgoblin hits you with a +0 club.
* * * LOW HITPOINT WARNING * * *
The goblin misses you. The bat closely misses you.
You hit the bat.
You kill the bat!
The hobgoblin closely misses you. The goblin barely misses you.
You hit the worm.
The worm is moderately wounded.
The hobgoblin barely misses you. The goblin misses you.
You hit the worm but do no damage.
The worm is moderately wounded.
The worm bites you!
Ouch! That really hurt!
You die...

..#.#...(........#.....#.
............#####........
...#...<.........>.....##
............######......)
..#####..(### ####### .
#...# ##r## #w# #@#


.ggggggg.# .######..# #..# #..# #..# #..# #..# You could see a worm, 2
hobgoblins, 5 goblins and a rat.

Vanquished Creatures
  A worm (D:2)
  A giant cockroach (D:1)
  4 goblins (D:1)
  6 hobgoblins (D:1)
  7 bats
  2 frilled lizards (D:1)
  A kobold (D:1)
  3 rats (D:1)
25 creatures vanquished.

Notes
Turn   | Place    | Note
-------+----------+-------------------------------------------
     0 | D:1      | Mrkan the Kobold Arcane Marksman began the quest for the
                  | Orb.
     0 | D:1      | Reached XP level 1. HP: 12/12 MP: 2/2
   146 | D:1      | Reached skill level 1 in Stealth
   170 | D:1      | Reached XP level 2. HP: 16/16 MP: 3/3
   450 | D:1      | Reached XP level 3. HP: 20/20 MP: 4/4
   581 | D:2      | Slain by a worm

Levels and vault maps discovered:
D:1:      dpeg_arrival_simpleton_b, layout_rooms
D:2:      layout_loops_ring, doesnt_xom_only_xom, uniq_robin

Skill      XL: |  1  2  3 |
---------------+----------+-----
Stealth        | 1 2 |  2.1
Crossbows      | 3 |  3.1
Dodging        | 3 |  3.1
Fighting       | |  1.1
Spellcasting   | |  1.1
Hexes          | |  3.0

Action                   || total
-------------------------++-------
Melee: Short sword       ||    18
 Fire: Hand crossbow     ||    48
  Use: Scroll            ||     1
  Eat: Chunk             ||     7
Armor: Robe              ||    26
Dodge: Dodged            ||   111
